Unix NetHack Version 3.7.0-80 Work-in-progress - last build Apr 4 2023 12:38:21 (790859391a0ee7bd3181b412646ad1b7e633ff00,branch:master). Game began 2023-04-05 01:56:53, ended 2023-04-05 18:56:18. Anerag, neutral male human Monk ------------------ |.........O.H@...| |%-----------..f.--- |....1..|---|.-....| |.......|`..|...--.| |.......|..........| |...<1.1|-.--.-....| |.......|...|....-.| |.......|.0....-...| |.......|.|00-.0.-.| ----------|..0.....| |....|.--- -------- Anerag the Initiate St:25 Dx:14 Co:12 In:11 Wi:11 Ch:9 Neutral Dlvl:4 $:183 HP:0(37) Pw:35(35) AC:2 Exp:7 T:5853 Latest messages: The runed spear slips as the ogre throws it! The ogre wields an axe! You hit the ogre! The ogre swings his axe. The ogre hits! You kill the ogre! There are several objects here. The wolf staggers from your powerful strike! L - a white potion. You kill the wolf! There are a few objects here. There are several objects here. Hanekawa eats a wolf corpse. You swap places with Hanekawa. There are several objects here. In what direction? 8 The door resists! In what direction? 8 The door resists! In what direction? 8 The door resists! In what direction? 8 The door closes. What do you want to use or apply? [gkmqstv-xzCDFIOPSV or ?*] m In what direction? 8 Lock it? [ynq] (q) y You succeed in locking the door. You see here a rock. What do you want to use or apply? [gkmqstv-xzCDFIOPSV or ?*] w You produce a strange whistling sound. Hanekawa appears. You are beginning to feel hungry. You stop searching. What do you want to eat? [afluMY or ?*] ? It is not so easy to open this tin. You succeed in opening the tin. It contains spinach. Eat it? [yn] (n) y This makes you feel like Popeye! You climb up the stairs. You hit the minotaur! What do you want to use or apply? [gkmqstv-xzCDFIOPSV or ?*] s In what direction? 4 Status of the minotaur (neutral): Level 14 HP 44(58) AC 6, shapechanger. What do you want to zap? [gkqvzCFPS or ?*] v Nothing happens. The minotaur hits! The minotaur hits again! You die... Do you want your possessions identified? [ynq] (y) q Inventory: Coins $ - 183 gold pieces Armor r - an uncursed +0 dwarvish iron helm (being worn) B - an uncursed greased +0 pair of gauntlets of power (being worn) H - an uncursed +0 pair of iron shoes (being worn) b - an uncursed greased +1 robe (being worn) Comestibles M - an uncursed clove of garlic f - 3 uncursed food rations Y - an uncursed sprig of wolfsbane l - an uncursed tin of boiled yellow mold u - a blessed tin of smoked owlbear meat a - an uncursed tin of spinach Scrolls p - a blessed scroll of amnesia c - an uncursed scroll of confuse monster i - a blessed scroll of create monster G - an uncursed scroll of create monster Q - an uncursed scroll of destroy armor J - 2 uncursed scrolls of earth R - 2 uncursed scrolls of identify A - an uncursed scroll of light d - 3 uncursed scrolls of remove curse Potions E - an uncursed potion of polymorph L - an uncursed potion of see invisible Rings n - an uncursed ring of fire resistance T - an uncursed ring of polymorph control K - an uncursed ring of searching Wands k - an uncursed wand of create monster (0:13) S - an uncursed wand of digging (0:5) C - an uncursed wand of magic missile (0:3) z - an uncursed wand of probing (0:4) g - a blessed wand of speed monster (0:7) q - an uncursed wand of speed monster (0:3) F - an uncursed wand of striking (0:4) v - an uncursed wand of teleportation (0:0) P - an uncursed wand of undead turning (0:3) Tools x - an uncursed tooled horn I - an uncursed wooden harp O - an uncursed can of grease (0:10) D - an uncursed can of grease (0:5) V - an uncursed magic marker (0:90) w - an uncursed magic whistle m - an uncursed skeleton key s - an uncursed stethoscope t - an uncursed towel Anerag the Monk's attributes: Background: You were an Initiate, a level 7 male human Monk. You were neutral, on a mission for Chih Sung-tzu who was opposed by Shan Lai Ching (lawful) and Huan Ti (chaotic). You were in Sokoban, on level 4. You entered the dungeon 5853 turns ago. There was a full moon in effect when your adventure ended. You had 805 experience points, 475 more were needed to attain level 8. Basics: You had 0 out of 37 hit points. You had all 35 energy points (spell power). Your armor class was 2. Your wallet contained 183 zorkmids. Autopickup was on for '$' plus thrown. Final Characteristics: Your strength was 25 (base:18/02, innate limit:18/100). Your dexterity was 14 (limit:18). Your constitution was 12 (limit:18). Your intelligence was 11 (limit:18). Your wisdom was 11 (limit:18). Your charisma was 9 (limit:18). Final Status: You were not hungry. You were unencumbered. You were empty handed. You were skilled in martial arts. Final Attributes: You were piously aligned. You were sleep resistant. You were poison resistant. You saw invisible. You were warned. You were stealthy. You were guarded. You were fast. You were lucky. You are dead. Miscellaneous: You disabled loading of bones levels. Total elapsed playing time was 1 hour, 15 minutes and 34 seconds. Major events: Turn 1: Anerag the neutral male human Monk entered the dungeon 1012: attained the rank of Novice (level 3) 1200: entered the Gnomish Mines 3815: entered Sokoban 3982: made his first wish - "blessed greased fixed +2 grey dragon scale mail", got "a greased gray dragon scale mail" 3984: attained the rank of Initiate (level 6) 4131: completed 1st Sokoban level 4929: completed 2nd Sokoban level 5322: completed 3rd Sokoban level 5853: killed by a chameleon imitating a minotaur Vanquished creatures: a small mimic 3 wolves a winter wolf cub a panther an orc-captain an iron piercer a gnome ruler 3 ogres 2 dingoes a dwarf leader a raven 3 snakes 3 Woodland-elves a bugbear an Uruk-hai a rock piercer a pony a gnomish wizard a black naga hatchling a gray ooze 5 floating eyes a kitten a dwarf a kobold leader 2 giant bats 2 orc zombies 3 dwarf zombies a werejackal 4 iguanas 2 killer bees an acid blob a coyote a gas spore 2 hobbits a hobgoblin a cave spider 2 brown molds 4 yellow molds a gnome zombie 4 geckos a jackal 2 foxes a kobold 2 sewer rats 4 grid bugs a bat 4 lichens 3 kobold zombies 9 newts 96 creatures vanquished. No species were genocided or became extinct. Voluntary challenges: You were vegetarian. You never hit with a wielded weapon. You read items or engraved 16 times. You never engraved Elbereth. You never genocided any monsters. You never polymorphed an object. You never changed form. You used 1 wish. You did not wish for any artifacts. You did not violate any of the special Sokoban rules. Achievements: You entered a shop. You attained the rank of Novice. You entered the Gnomish Mines. You entered Sokoban. You attained the rank of Initiate. The Dungeons of Doom: levels 1 to 8 Level 1: A sink. Level 2: A general store, a grave. Level 3: A general store. Level 4: A general store, an altar to Chih Sung-tzu. Stairs down to The Gnomish Mines. Level 5: A general store. Level 6: Many fountains. Oracle of Delphi. Level 7: A fountain. Stairs up to Sokoban, level 6. Level 8: The Gnomish Mines: Level 5: Sokoban: levels 6 up to 4 Level 4: <- You were here. Solved. Final resting place for you, killed by a chameleon imitating a minotaur. Level 5: Solved. Level 6: Solved. Game over: ---------- / \ / REST \ / IN \ / PEACE \ / \ | Anerag | | 183 Au | | killed by a | | chameleon | | imitating a | | minotaur | | 2023 | *| * * * | * _________)/\\_//(\/(/\)/\//\/|_)_______ Goodbye Anerag the Monk... You died in Sokoban on dungeon level 4 with 3809 points, and 183 pieces of gold, after 5853 moves. You were level 7 with a maximum of 37 hit points when you died.